 Dungeon Crawl Stone Soup version 0.30-a0-305-g026cb31310 (webtiles) character file.

Game seed: 2924517237858266975

195 McGhostyFace the Covert (level 5, 0/47 HPs)
             Began as a Gnoll Delver on Oct 23, 2022.
             Slain by a river rat (6 damage)
             ... in a sewer.
             The game lasted 00:06:18 (1446 turns).

McGhostyFace the Covert (Gnoll Delver)              Turns: 1446, Time: 00:06:19

Health: 0/47       AC:  6    Str: 11    XL:     5   Next: 74%
Magic:  7/7        EV: 13    Int: 15    God:
Gold:   48         SH:  0    Dex: 14    Spells: 7/7 levels left

rFire   + . .      SeeInvis .    a - +0 short sword
rCold   . . .      Faith    .    (no shield)
rNeg    . . .      Spirit   .    p - +0 leather armour {rF+}
rPois   .          Reflect  .    k - +1 helmet "Biythy" {Int+4}
rElec   .          Harm     .    (no cloak)
rCorr   .          Rampage  .    (no gloves)
Will    .....                    j - +0 pair of boots
Stlth   ++++......               (no amulet)
HPRegen 0.27/turn                (no ring)
MPRegen 0.10/turn                (no ring)

@: no status effects
A: fangs 1, strong nose, distributed training
a: no special abilities


You were in a sewer.
You visited 1 branch of the dungeon, and saw 3 of its levels.
You also visited: Sewer.

You collected 48 gold pieces.

Inventory:

Hand Weapons
 a - a +0 short sword (weapon)
Missiles
 q - 4 poisoned darts (quivered)
Armour
 j - a +0 pair of boots (worn)
 k - the +1 helmet "Biythy" (worn) {Int+4}
   (You took it off Robin on level 3 of the Dungeon)

   Int:       It affects your intelligence (+4).
 p - a +0 leather armour of fire resistance (worn)
Wands
 g - a wand of digging (3)
Scrolls
 c - a scroll of fog
 d - 2 scrolls of blinking {unknown}
 e - 2 scrolls of fear
 f - a scroll of butterflies {unknown}
 h - a scroll of enchant armour {unknown}
 m - a scroll of amnesia {unknown}
Potions
 i - a potion of flight {unknown}
 l - a potion of brilliance {unknown}
 n - a potion of experience {unknown}
 o - a potion of cancellation {unknown}


   Skills:
 + Level 6.7 Fighting
 + Level 4.9 Short Blades
 + Level 1.7 Long Blades
 + Level 1.7 Axes
 + Level 1.7 Maces & Flails
 + Level 1.7 Polearms
 + Level 1.7 Staves
 + Level 1.7 Ranged Weapons
 + Level 1.7 Throwing
 + Level 1.7 Armour
 + Level 4.9 Dodging
 + Level 9.7 Stealth
 + Level 1.7 Shields
 + Level 1.7 Unarmed Combat
 + Level 1.7 Spellcasting
 + Level 1.3 Conjurations
 + Level 1.3 Hexes
 + Level 1.3 Summonings
 + Level 1.3 Necromancy
 + Level 1.3 Translocations
 + Level 1.3 Transmutations
 + Level 1.3 Fire Magic
 + Level 1.3 Ice Magic
 + Level 1.3 Air Magic
 + Level 1.3 Earth Magic
 + Level 1.3 Poison Magic
 + Level 1.9 Invocations
 + Level 1.7 Evocations


You had 7 spell levels left.
You didn't know any spells.
Your spell library contained the following spells:

 Spells                   Type           Power      Damage    Failure   Level
 Vhi's Electric Charge    Tloc/Air       10%        N/A       45%         3
 Arcjolt                  Conj/Air       2%         1d12      99%         5
 Maxwell's Capacitive Co  Air            2%         ∞         100%        8


Dungeon Overview and Level Annotations

Branches:
Dungeon (5/15)              Sewer (1/1)
 Temple: D:4-7

Altars:
Gozag
Qazlal

Annotations:
D:3 Natasha
D:4 3 runed translucent doors
D:5 1 transporter, Dowan


Innate Abilities, Weirdness & Mutations

You have very sharp teeth.
Your uncanny sense of smell can sniff out nearby items.
Your experience applies equally to all skills.


Message History

The rat closely misses you. The river rat bites you.
* * * LOW HITPOINT WARNING * * *
You closely miss the rat.
The rat is moderately wounded.
The river rat bites you but does no damage.
The rat closely misses you.
You hit the rat but do no damage.
The rat is moderately wounded.
The river rat barely misses you. The rat bites you but does no damage.
You barely miss the rat.
The rat is moderately wounded.
The rat bites you.
* * * LOW HITPOINT WARNING * * *
The river rat closely misses you.
You hit the rat.
The rat is severely wounded.
You hit the rat.
You kill the rat!
The river rat bites you.
* * * LOW HITPOINT WARNING * * *
The river rat attacks as you move away! The river rat barely misses you.
You see here a rat corpse.
You hit the river rat but do no damage.
You bite the river rat, but do no damage.
The river rat completely misses you.
You hit the river rat but do no damage. Your bite misses the river rat.
You hit the river rat but do no damage.
You bite the river rat, but do no damage.
The river rat bites you but does no damage.
You hit the river rat but do no damage. The river rat bites you!
* * * LOW HITPOINT WARNING * * *
You barely miss the river rat. The river rat closely misses you.
You hit the river rat.
You bite the river rat, but do no damage.
The river rat is lightly wounded.
You hit the river rat but do no damage.
You punch the river rat, but do no damage.
The river rat is lightly wounded.
The river rat bites you.
You die...

####
####...#### ###
#.......†.####
####..
......†......##
##.....
......#....†r.#
#...... ...##
##....@.##
##..†... . ∆∆
##......#
#......# ∆
##.~~.##
##~~~.##
#≈~~~≈~#
#≈≈≈~~≈#
#≈≈≈~≈≈#
#≈≈~≈~≈#
#≈~~≈~≈#
#~≈~≈≈≈#
#~~~≈≈≈#
#≈~#≈≈≈#
#~~≈≈≈≈#
#≈~~≈≈≈#
##~†~.≈#
#~≈≈≈≈≈#


You could see a river rat.

Vanquished Creatures
  A necrophage (D:4)
  An iguana (D:5)
  Robin (D:3)
  2 adders
  3 river rats
  A dart slug (D:3)
  2 orcs
  An endoplasm (D:4)
  A giant cockroach (D:3)
  5 hobgoblins (D:3)
  2 kobolds
  9 ball pythons (Sewer)
  A frilled lizard (Sewer)
  9 goblins
  19 rats (Sewer)
58 creatures vanquished.

Notes
Turn   | Place    | Note
-------+----------+-------------------------------------------
     0 | D:5      | Reached skill level 9 in Stealth
     0 | D:5      | McGhostyFace the Gnoll Delver began the quest for the Orb.
     0 | D:5      | Reached XP level 1. HP: 23/23 MP: 1/1
     9 | D:5      | Found a transporter.
    58 | D:5      | Noticed a lemure
   154 | D:5      | Noticed Dowan
   188 | D:5      | Noticed an iguana
   194 | D:5      | Killed an iguana
   195 | D:5      | Reached XP level 2. HP: 29/29 MP: 2/2
   195 | D:5      | Reached XP level 3. HP: 35/35 MP: 3/3
   258 | D:4      | Found a stormy altar of Qazlal.
   268 | D:4      | Found an opulent altar of Gozag.
   427 | D:4      | Noticed a necrophage
   454 | D:4      | Killed a necrophage
   455 | D:4      | Reached skill level 1 in Long Blades
   455 | D:4      | Reached skill level 1 in Axes
   455 | D:4      | Reached skill level 1 in Maces & Flails
   455 | D:4      | Reached skill level 1 in Polearms
   455 | D:4      | Reached skill level 1 in Staves
   455 | D:4      | Reached skill level 1 in Ranged Weapons
   455 | D:4      | Reached skill level 1 in Throwing
   455 | D:4      | Reached skill level 1 in Armour
   455 | D:4      | Reached skill level 1 in Shields
   455 | D:4      | Reached skill level 1 in Unarmed Combat
   455 | D:4      | Reached skill level 1 in Spellcasting
   455 | D:4      | Reached skill level 1 in Conjurations
   455 | D:4      | Reached skill level 1 in Hexes
   455 | D:4      | Reached skill level 1 in Summonings
   455 | D:4      | Reached skill level 1 in Necromancy
   455 | D:4      | Reached skill level 1 in Translocations
   455 | D:4      | Reached skill level 1 in Transmutations
   455 | D:4      | Reached skill level 1 in Fire Magic
   455 | D:4      | Reached skill level 1 in Ice Magic
   455 | D:4      | Reached skill level 1 in Air Magic
   455 | D:4      | Reached skill level 1 in Earth Magic
   455 | D:4      | Reached skill level 1 in Poison Magic
   455 | D:4      | Reached skill level 1 in Invocations
   455 | D:4      | Reached skill level 1 in Evocations
   455 | D:4      | Reached XP level 4. HP: 33/41 MP: 5/5
   524 | D:4      | Found a runed translucent gate.
   524 | D:4      | Found a runed translucent gate.
   524 | D:4      | Found a runed translucent gate.
   528 | D:4      | Noticed a necrophage
   547 | D:3      | Noticed Natasha
   663 | D:3      | Reached XP level 5. HP: 24/47 MP: 5/7
   669 | D:3      | Identified the +1 helmet "Biythy" {Int+4}
   669 | D:3      | Noticed Robin
   688 | D:3      | Killed Robin
   770 | D:3      | Found a glowing drain.
   792 | Sewer    | Entered a sewer
  1446 | Sewer    | Slain by a river rat

Illustrated notes

Levels and vault maps discovered:
D:3:      layout_rooms, kennysheep_vampire_church, portal_sewer_entry_a,
          minmay_cupped, uniq_natasha, uniq_robin
D:4:      layout_basic, nicolae_overflow_quartered_altars, minitemple,
          gammafunk_ghost_necromancy
D:5:      layout_loops_corners, nicolae_dithmenos_through_a_glass_darkly,
          fedhas_bush_and_centaur_altar, mainiacjoe_overflow_six_doors_small,
          gammafunk_ghost_smash, uniq_pikel, uniq_duvessa, uniq_prince_ribbit1
Sewer:    sewer_minmay_w

Skill      XL: |  1  2  3 |
---------------+----------+-----
Stealth        | |  9.7
Long Blades    | 1 |  1.7
Axes           | 1 |  1.7
Maces & Flails | 1 |  1.7
Polearms       | 1 |  1.7
Staves         | 1 |  1.7
Ranged Weapons | 1 |  1.7
Throwing       | 1 |  1.7
Armour         | 1 |  1.7
Shields        | 1 |  1.7
Unarmed Combat | 1 |  1.7
Spellcasting   | 1 |  1.7
Conjurations   | 1 |  1.3
Hexes          | 1 |  1.3
Summonings     | 1 |  1.3
Necromancy     | 1 |  1.3
Translocations | 1 |  1.3
Transmutations | 1 |  1.3
Fire Magic     | 1 |  1.3
Ice Magic      | 1 |  1.3
Air Magic      | 1 |  1.3
Earth Magic    | 1 |  1.3
Poison Magic   | 1 |  1.3
Invocations    | 1 |  1.9
Evocations     | 1 |  1.7
Fighting       | |  6.7
Short Blades   | |  4.9
Dodging        | |  4.9

Action                   |  1- 3 |  4- 6 || total
-------------------------+-------+-------++-------
Melee: Short sword       |    26 |   222 ||   248
       Bite              |     1 |    25 ||    26
       Punch             |       |     5 ||     5
  Use: Potion            |     1 |     1 ||     2
       Scroll            |       |     1 ||     1
 Stab: Sleeping          |     3 |     2 ||     5
Armor: Leather armour    |     6 |    82 ||    88
Dodge: Dodged            |     5 |   168 ||   173

Table legend: (Time is in decaauts)
 A = Elapsed time spent in this place.
 B = Non-inter-level travel time spent in this place.
 C = Inter-level travel time spent in this place.
 D = Time resting spent in this place.
 E = Time spent auto-exploring this place.
 F = Levels seen in this place.
 G = Mean time per level.
                   A        B        C        D        E       F      G
               +--------+--------+--------+--------+--------+-----+--------+
         Total |   1402 |   1402 |      0 |    380 |    163 |   4 |  350.5 |
       Dungeon |    740 |    740 |      0 |     26 |    106 |   3 |  246.7 |
         Sewer |    661 |    661 |      0 |    354 |     57 |   1 |  661.0 |
               +--------+--------+--------+--------+--------+-----+--------+

Top non-repeatable levels by time:
   Sewer: 661 daAuts
     D:4: 259 daAuts
     D:5: 252 daAuts
     D:3: 228 daAuts
